 Dungeon Crawl Stone Soup version 0.30-a0-4-ga7cffc901d (webtiles) character file.

Game seed: 7651489539170519657

2982 Flugkiller the Cleaver (level 9, -2/81 (82) HPs)
             Began as a Minotaur Fighter on Aug 22, 2022.
             Killed by divine providence
             ... invoked by an orc priest
              (10 damage)
             ... on level 7 of the Dungeon.
             The game lasted 00:03:33 (7499 turns).

Flugkiller the Cleaver (Minotaur Fighter)           Turns: 7499, Time: 00:03:34

HP:   -2/81 (82)    AC: 12    Str: 21    XL:     9   Next: 53%
MP:   8/8           EV: 23    Int:  5    God:
Gold: 350           SH:  0    Dex: 14    Spells: 8/8 levels left

rFire   . . .      SeeInvis .    a - +0 war axe
rCold   . . .      Faith    .    C - orb {light}
rNeg    . . .      Spirit   .    F - +0 chain mail
rPois   .          Reflect  .    (helmet restricted)
rElec   .          Harm     .    (no cloak)
rCorr   .          Rampage  .    (no gloves)
Will    .....                    h - +0 pair of boots
Stlth   ..........               f - amulet of the acrobat
HPRegen 0.23/turn                (no ring)
MPRegen 0.11/turn                (no ring)

@: acrobatic, glowing, lightly drained
A: horns 2, retaliatory headbutt
a: no special abilities


You were on level 7 of the Dungeon.
You visited 1 branch of the dungeon, and saw 8 of its levels.

You collected 350 gold pieces.

Inventory:

Hand Weapons
 a - a +0 war axe (weapon)
Armour
 b - a +0 scale mail
 c - a +0 buckler
 h - a +0 pair of boots (worn)
   (You found it on level 1 of the Dungeon)
 C - an orb of light (worn)
   (You found it on level 6 of the Dungeon)
 F - a +0 chain mail (worn)
   (You took it off an orc warrior on level 6 of the Dungeon)
Jewellery
 f - an amulet of the acrobat (around neck)
   (You found it on level 1 of the Dungeon)
 m - a ring of willpower
   (You found it on level 6 of the Dungeon)
 p - a ring of fire
   (You found it on level 2 of the Dungeon)
 v - a +6 ring of intelligence
   (You found it on level 5 of the Dungeon)
Wands
 G - a wand of iceblast (7)
   (You took it off Maggie on level 7 of the Dungeon)
Scrolls
 i - 7 scrolls of identify {unknown}
 k - a scroll of enchant weapon {unknown}
 n - 2 scrolls of summoning {unknown}
 q - a scroll of brand weapon {unknown}
 s - 2 scrolls of teleportation {unknown}
 u - a scroll of blinking {unknown}
 y - a scroll of immolation {unknown}
 z - 2 scrolls of fear {unknown}
 A - a scroll of poison {unknown}
 D - a scroll of silence {unknown}
 H - a scroll of fog {unknown}
 I - a scroll of acquirement {unknown}
Potions
 d - 5 potions of might
 e - 2 potions of brilliance {unknown}
 g - a potion of berserk rage {unknown}
 j - a potion of attraction {unknown}
 l - 3 potions of lignification {unknown}
 o - 2 potions of haste {unknown}
 r - a potion of ambrosia {unknown}
 t - 3 potions of curing {unknown}
 w - 6 potions of heal wounds
 x - a potion of resistance {unknown}
 B - a potion of mutation {unknown}
 E - a potion of magic {unknown}


   Skills:
 + Level 8.7 Fighting
 * Level 11.5 Axes
 + Level 8.8 Armour
 - Level 3.6 Shields


You had 8 spell levels left.
You didn't know any spells.
Your spell library was empty.

Dungeon Overview and Level Annotations

Branches:
Dungeon (8/15)
 Temple: D:4-7         Lair: D:8-11

Altars:
Cheibriados
Elyvilon
Okawaru
Vehumet
Yredelemnul
The Shining One

Shops:
D:1 [   D:4 *

Annotations:
D:6 1 runed translucent door, KleinerIrrer's ghost, novice OpSu


Innate Abilities, Weirdness & Mutations

You have a pair of horns on your head.
You reflexively headbutt those who attack you in melee.


Message History

The wight barely misses you.
You hit the wight but do no damage.
The wight is lightly damaged.
The wight closely misses you.
You hit the wight.
The wight is moderately damaged.
You slash the wight!
You headbutt the wight, but do no damage.
The wight is severely damaged.
The wight hits you with a +2 short sword.
You feel drained.
You hit the wight. Your headbutt misses the wight.
The wight is almost destroyed.
The wight hits you with a +2 short sword.
You feel drained.
You are too injured to fight recklessly!
You are too injured to fight recklessly!
You slash the wight!
You destroy the wight!
Things that are here:
a +2 short sword; a +0 robe A wight comes into view.
It is wielding a +0 long sword.
A wight is nearby!
A wight is nearby!
You are too injured to fight recklessly!
You are too injured to fight recklessly!
You are too injured to fight recklessly!
You are too injured to fight recklessly!
You are too injured to fight recklessly!
The wight misses you.
You are too injured to fight recklessly!
You slash the wight!
The wight is heavily damaged.
The wight hits you but does no damage.
You hit the wight. Your headbutt misses the wight.
The wight is severely damaged.
The wight hits you with a +0 long sword.
You feel drained.
You are too injured to fight recklessly!
You barely miss the wight.
The wight is severely damaged.
The wight hits you with a +0 long sword!
* * * LOW HITPOINT WARNING * * *
You feel drained.
* * * LOW HITPOINT WARNING * * *
You barely miss the wight.
The wight is severely damaged.
The wight hits you with a +0 long sword!
* * * LOW HITPOINT WARNING * * *
A wight is nearby!
Unknown command.
You slash the wight!
You destroy the wight!
Unknown command.
You start resting.
An orc priest comes into view. It is wielding a +0 flail.
An orc priest is nearby!
An orc priest is nearby!
The orc priest shouts!
The orc priest calls down the wrath of Beogh upon you.
Beogh smites you!
An orc comes into view.
It is wielding a +2 trident of distortion.
The orc shouts!
An orc wizard comes into view. It is wielding a +0 club.
The orc priest closely misses you.
You completely miss the orc priest.
The orc wizard shouts!
The orc priest mumbles some strange prayers to Beogh against you.
Pain shoots through your body!
You slash the orc priest!
You kill the orc priest!
Things that are here:
a +0 flail; a +0 leather armour; a ring of fire An orc priest comes into view.
It is wielding a +0 short sword.
The orc priest shouts!
The orc hits you with a +2 trident of distortion.
You blink.
The orc wizard points at you and mumbles some strange words.
The magic dart hits you but does no damage.
Found a robe.
You slash the orc wizard!
The orc wizard is almost dead.
The orc hits you from afar with a +2 trident of distortion.
Space warps horribly around you!!
You are too injured to fight recklessly!
You closely miss the orc wizard. You headbutt the orc wizard.
You kill the orc wizard!
You slash the orc priest! The orc hits you but does no damage.
Space warps horribly around you.
* * * LOW HITPOINT WARNING * * *
The orc priest calls down the wrath of Beogh upon you.
Beogh smites you!
* * * LOW HITPOINT WARNING * * *
You are too injured to fight recklessly!
You are too injured to fight recklessly!
The orc priest attacks as you move away!
The orc priest closely misses you.
The orc priest calls down the wrath of Beogh upon you.
Beogh smites you!
You die...

...# #..#.### #))[#
########..# #..#...# #...#
.[.....<..# #..#...# #...#
.######...###..#..)#####.))#
......).........)##.[......#
.#................+.รท...[...
..................#.....#...
.#.##.##.....o..#.#.....#...
# ........@.o.)#.#.....#..#
.#......#.##..#...........
#..#...####..#########...
............o.# ....
.#.##...###...# ..... .
..........o ......
.....#.#.### .... ..#[......
..... #...#.


You could see an orc priest and an orc.

Vanquished Creatures
  Maggie (D:7)
  Sigmund (D:3)
  Eustachio (D:5)
  A steam dragon (D:7)
  A water moccasin (D:7)
  An orc warrior (D:6)
  A black bear (D:6)
  An ice beast (D:7)
  A sky beast (D:7)
  An ogre (D:5)
  A phantom (D:6)
  A kobold brigand (D:6)
  A bullfrog (D:6)
  A necrophage (D:6)
  A scorpion (D:6)
  7 wights (D:7)
  4 hounds
  A jelly (D:4)
  5 orc priests
  A gnoll bouda (D:5)
  Jessica (D:2)
  6 iguanas
  Ijyb (D:3)
  7 orc wizards
  A mummy (D:6)
  10 adders
  3 gnolls (D:2)
  5 river rats (D:3)
  3 white imps
  4 worms
  4 dart slugs
  25 orcs
  7 endoplasms
  A giant cockroach (D:4)
  7 goblins
  5 hobgoblins
  8 jackals
  2 quokkas
  3 ball pythons
  10 bats
  5 frilled lizards
  10 kobolds
  6 rats
167 creatures vanquished.

Vanquished Creatures (others)
  An orc (D:5)
  9 plants
10 creatures vanquished.

Grand Total: 177 creatures vanquished

Notes
Turn   | Place    | Note
-------+----------+-------------------------------------------
     0 | D:1      | Flugkiller the Minotaur Fighter began the quest for the
                  | Orb.
     0 | D:1      | Reached XP level 1. HP: 19/19 MP: 0/0
    34 | D:1      | Found Igejeon's Armour Shop.
   499 | D:1      | Reached skill level 3 in Axes
   499 | D:1      | Reached XP level 2. HP: 25/27 MP: 1/1
  1001 | D:2      | Reached XP level 3. HP: 31/33 MP: 2/2
  1157 | D:2      | Reached skill level 4 in Axes
  1162 | D:2      | Reached XP level 4. HP: 12/40 MP: 3/3
  1625 | D:2      | Found a faded altar of an unknown god.
  1627 | D:2      | Found a radiant altar of Vehumet.
  1632 | D:2      | Noticed Jessica
  1646 | D:2      | Killed Jessica
  2074 | D:3      | Noticed Ijyb
  2088 | D:3      | Reached XP level 5. HP: 34/47 MP: 4/4
  2093 | D:3      | Killed Ijyb
  2094 | D:3      | Reached skill level 5 in Axes
  2739 | D:3      | Noticed Sigmund
  2751 | D:3      | Killed Sigmund
  2752 | D:3      | Reached skill level 5 in Fighting
  2752 | D:3      | Reached skill level 6 in Axes
  2752 | D:3      | Reached skill level 5 in Armour
  2752 | D:3      | Reached XP level 6. HP: 56/56 MP: 5/5
  3398 | D:4      | Found Declaum's Gadget Gallery.
  3589 | D:4      | Reached XP level 7. HP: 59/62 MP: 6/6
  3805 | D:5      | Entered Level 5 of the Dungeon
  3982 | D:5      | Reached skill level 7 in Axes
  4104 | D:5      | Found a radiant altar of Vehumet.
  4124 | D:5      | Noticed Eustachio
  4131 | D:5      | Killed Eustachio
  4377 | D:5      | Reached skill level 8 in Axes
  4584 | D:5      | Reached XP level 8. HP: 57/71 MP: 7/7
  5182 | D:6      | Found a basalt altar of Yredelemnul.
  5249 | D:6      | Reached skill level 9 in Axes
  5556 | D:6      | Found a white marble altar of Elyvilon.
  5640 | D:6      | Found a glowing golden altar of the Shining One.
  5646 | D:6      | Found a snail-covered altar of Cheibriados.
  5780 | D:6      | Found a runed translucent door.
  5785 | D:6      | Noticed KleinerIrrer's ghost (novice OpSu)
  6322 | D:6      | Found an iron altar of Okawaru.
  6662 | D:7      | Reached skill level 10 in Axes
  6687 | D:7      | Reached XP level 9. HP: 81/81 MP: 8/8
  6688 | D:7      | Noticed Maggie
  6703 | D:7      | Killed Maggie
  7047 | D:7      | Reached skill level 11 in Axes
  7186 | D:7      | HP: 1/78 [wight/+0 long sword (10)]
  7499 | D:7      | Killed from afar by an orc priest

Illustrated notes

Levels and vault maps discovered:
D:1:      dpeg_arrival_tiny_a, layout_basic, serial_bayou, serial_bayou_pond_d,
          serial_bayou_shore_b, serial_bayou_pond_a, serial_bayou_pond_e,
          serial_bayou_pond_a, serial_shops, nicolae_shop_statue_plus
D:2:      layout_loops_cross, chequers_ecumenical_altar_simple, basic_altar,
          uniq_jessica
D:3:      cheibrodos_helix_gallery, layout_loops_corners,
          lightli_sewer_entry_pipes, grunt_ministairs_1, kennysheep_flooded_box,
          uniq_ijyb, uniq_sigmund
D:4:      layout_cave_pools, nicolae_shop_gadgets
D:5:      wad_crossroads, layout_loops_ring, fiery_altar_vehumet,
          serial_bayou_pond_a, uniq_eustachio
D:6:      layout_basic, okawaru_metal_pillars_3, slow_altar_1, tso_metal_star,
          kennysheep_ying_yang, ebering_ghost_sewer_d
D:7:      gammafunk_cloud_chamber, layout_basic,
          minmay_temple_entry_drinking_statues, uniq_maggie
D:8:      layout_rooms, serial_shops, nicolae_shop_stone

Skill      XL: |  1  2  3  4  5  6  7  8  9 |
---------------+----------------------------+-----
Axes           | 3 4 6 8 10 11 | 11.5
Fighting       | 4 5 6 7 8 |  8.7
Armour         | 4 5 6 7 8 |  8.8
Shields        | |  3.6

Action                   |  1- 3 |  4- 6 |  7- 9 || total
-------------------------+-------+-------+-------++-------
Melee: War axe           |    66 |   140 |   216 ||   422
       Headbutt          |     6 |    21 |    48 ||    75
  Use: Potion            |       |     1 |     3 ||     4
Armor: Scale mail        |    37 |    60 |    51 ||   148
       Chain mail        |       |       |    25 ||    25
Dodge: Dodged            |    39 |    70 |   108 ||   217
Block: Buckler           |    19 |    33 |    16 ||    68

Table legend: (Time is in decaauts)
 A = Elapsed time spent in this place.
 B = Non-inter-level travel time spent in this place.
 C = Inter-level travel time spent in this place.
 D = Time resting spent in this place.
 E = Time spent auto-exploring this place.
 F = Levels seen in this place.
 G = Mean time per level.
                   A        B        C        D        E       F      G
               +--------+--------+--------+--------+--------+-----+--------+
         Total |   7620 |   7400 |    220 |   1621 |   4643 |   8 |  952.5 |
       Dungeon |   7620 |   7400 |    220 |   1621 |   4643 |   8 |  952.5 |
               +--------+--------+--------+--------+--------+-----+--------+

Top non-repeatable levels by time:
     D:5: 1504 daAuts
     D:3: 1437 daAuts
     D:6: 1371 daAuts
     D:2: 1042 daAuts
     D:1: 913 daAuts
     D:7: 573 daAuts
     D:4: 509 daAuts
     D:8: 268 daAuts
